 Dungeon Sprint DCSS version 0.21.1-1-g345015f (webtiles) character file.

5200000 Fang the Axe Maniac (level 27, -15/273 HPs)
             Began as a Minotaur Gladiator on June 23, 2018.
             Was the Champion of Makhleb.
             Demolished by a meat berserker
             ... wielding a +9 battleaxe
              (39 damage)
             ... in the Dungeon (Sprint VIII: "Arena of Blood").
             The game lasted 00:01:11 (52 turns).

Fang the Axe Maniac (Minotaur Gladiator)              Turns: 52, Time: 00:01:12

Health: -15/273    AC:  6    Str: 27    XL:     27
Magic:  22/53      EV: 32    Int:  5    God:    Makhleb [******]
Gold:   0          SH:  0    Dex: 17    Spells: 80/80 levels left

rFire    . . .     SeeInvis .   l - +∞ Axe of Woe
rCold    . . .     Gourm    .   (shield currently unavailable)
rNeg     . . .     Faith    .   b - +0 leather armour
rPois    .         Spirit   .   c - +0 hat
rElec    .         Reflect  .   (no cloak)
rCorr    .         Harm     .   (no gloves)
MR       ++...     NoTele   +   (no boots)
Stlth    +++++++++.             (no amulet)
HPRegen  0.55/turn              (no ring)
MPRegen  0.33/turn              (no ring)

@: no status effects
A: retaliatory headbutt, horns 2
a: Minor Destruction, Lesser Servant of Makhleb, Major Destruction, Greater
Servant of Makhleb, Renounce Religion


You were in the Dungeon.
You worshipped Makhleb.
Makhleb was exalted by your worship.
You were not hungry.

You visited 1 branch

Inventory:

Hand Weapons
 a - a +0 war axe
 l - the +∞ Axe of Woe (weapon)
   (You found it in the Dungeon)
Missiles
 d - 3 throwing nets (quivered)
Armour
 b - a +0 leather armour (worn)
 c - a +0 hat (worn)
Scrolls
 k - a scroll of blinking
Potions
 e - a potion of curing
 g - a potion of heal wounds
 h - a potion of haste
 i - 2 potions of magic
 j - a potion of berserk rage
Comestibles
 f - a ration


   Skills:
 O Level 27 Fighting
 O Level 27 Axes
 O Level 27 Throwing
 O Level 27 Armour
 O Level 27 Dodging
 O Level 27 Stealth
 O Level 27 Unarmed Combat
 O Level 27 Spellcasting
 O Level 27 Invocations


You had 80 spell levels left.
You didn't know any spells.

Dungeon Overview and Level Annotations

Branches:
Dungeon (1/1)

Altars:
Makhleb


Innate Abilities, Weirdness & Mutations

You reflexively headbutt those who attack you in melee.
You have a pair of horns on your head.


Message History

You kill the bag of meat!
Makhleb accepts your kill.
You slash the bag of meat!
You cleave the bag of meat in twain.
You kill the bag of meat!
Makhleb accepts your kill.
You hear a shout! x2 3 orcs come into view.
A meat berserker comes into view. It is wielding a +9 battleaxe.
You hear a shout! x5
The destroyer hits you with a +9 great sword of slicing!!!!!
Ouch! That really hurt!
The destroyer bites you!
* * * LOW HITPOINT WARNING * * *
The destroyer draws strength from your injuries!
The tyrant waves its bony arms in wide circles.
The air twists around and strikes you!
* * * LOW HITPOINT WARNING * * *
You hear a shout!
The meat berserker hits you with a +9 battleaxe!!!
You die...

.......%...%...
..V......X.oz..
#.O%.....XXX.o.
......L.X..Vo
%..o.%OX..o.
#.§§xO..# ..
#%§§)...#
O..###§§.)...###.
...o.%.@###......
#..z.xVO._..%...
.....§#x%...#...
.%.§..#o.<._#
..... #)V...#
#........_......
........###......
...###... ..###.
. #... ..#


You could see 2 tentacled monstrosities, a tyrant, 4 destroyers, 2 sculptors of
flesh, 4 large abominations, 4 meat berserkers, a small abomination, 6 bags of
meat and 2 crawling corpses.

Vanquished Creatures
  6 vampire knights (D)
  12 ogres (D)
  4 two-headed ogres (D)
  33 orcs (D)
  A skeletal warrior (D)
  2 small abominations (D)
  5 large abominations (D)
  3 crawling corpses (D)
66 creatures vanquished.

Notes
Turn   | Place    | Note
-------+----------+-------------------------------------------
     0 | D        | Found the +∞ Axe of Woe
     0 | D        | Fang the Minotaur Gladiator began the quest for the Orb.
     0 | D        | Reached XP level 1. HP: 18/18 MP: 0/0
     3 | D        | Noticed a bag of meat
     4 | D        | Noticed a meat berserker
     4 | D        | Became a worshipper of Makhleb the Destroyer
     6 | D        | Noticed a bag of meat
     7 | D        | Noticed a meat berserker
     8 | D        | Noticed a bag of meat
     8 | D        | Noticed a bag of meat
     8 | D        | Killed a meat berserker
     8 | D        | Reached XP level 2. HP: 45/45 MP: 1/1
     8 | D        | Reached XP level 3. HP: 51/51 MP: 2/2
     8 | D        | Reached XP level 4. HP: 59/59 MP: 3/3
     8 | D        | Reached XP level 5. HP: 66/66 MP: 4/4
     8 | D        | Reached XP level 6. HP: 73/73 MP: 5/5
     8 | D        | Reached XP level 7. HP: 80/80 MP: 6/6
     8 | D        | Reached XP level 8. HP: 88/88 MP: 7/7
     8 | D        | Reached XP level 9. HP: 94/94 MP: 8/8
     8 | D        | Reached XP level 10. HP: 102/102 MP: 9/9
     8 | D        | Reached XP level 11. HP: 108/108 MP: 10/10
     8 | D        | Reached XP level 12. HP: 116/116 MP: 11/11
     8 | D        | Reached XP level 13. HP: 123/123 MP: 12/12
     9 | D        | Noticed a bag of meat
     9 | D        | Noticed a bag of meat
     9 | D        | Noticed a meat berserker
    10 | D        | Killed a meat berserker
    10 | D        | Reached * piety under Makhleb
    10 | D        | Reached skill level 27 in Axes
    10 | D        | Reached XP level 14. HP: 137/137 MP: 13/13
    11 | D        | Noticed a bag of meat
    12 | D        | Noticed a bag of meat
    13 | D        | Killed a bag of meat
    14 | D        | Noticed a bag of meat
    14 | D        | Killed a bag of meat
    14 | D        | Reached skill level 27 in Dodging
    14 | D        | Reached XP level 15. HP: 155/155 MP: 14/14
    14 | D        | Killed a meat berserker
    14 | D        | Reached ** piety under Makhleb
    17 | D        | Reached XP level 16. HP: 182/182 MP: 15/15
    19 | D        | Noticed a meat berserker
    19 | D        | Noticed a meat berserker
    21 | D        | Noticed a meat berserker
    21 | D        | Noticed a meat berserker
    21 | D        | Noticed a large bag of meat
    21 | D        | Reached skill level 27 in Fighting
    23 | D        | Killed a meat berserker
    23 | D        | Reached *** piety under Makhleb
    23 | D        | Reached skill level 27 in Throwing
    23 | D        | Reached XP level 17. HP: 191/191 MP: 16/16
    24 | D        | Killed a large bag of meat
    24 | D        | Reached skill level 10 in Stealth
    24 | D        | Reached skill level 15 in Armour
    25 | D        | Reached **** piety under Makhleb
    25 | D        | Reached skill level 15 in Unarmed Combat
    25 | D        | Reached skill level 10 in Spellcasting
    25 | D        | Reached XP level 18. HP: 200/200 MP: 16/31
    25 | D        | Noticed a destroyer
    25 | D        | Noticed a large bag of meat
    26 | D        | Killed a meat berserker
    26 | D        | Reached skill level 15 in Stealth
    27 | D        | Noticed a meat berserker
    27 | D        | Killed a meat berserker
    27 | D        | Reached XP level 19. HP: 187/207 MP: 16/36
    27 | D        | Killed a meat berserker
    27 | D        | Reached ***** piety under Makhleb
    27 | D        | Reached skill level 15 in Spellcasting
    29 | D        | Noticed a destroyer
    29 | D        | Killed a large bag of meat
    29 | D        | Reached XP level 20. HP: 216/216 MP: 16/40
    30 | D        | Noticed a meat berserker
    30 | D        | Noticed a destroyer
    30 | D        | Reached skill level 27 in Armour
    31 | D        | Killed a meat berserker
    31 | D        | Reached skill level 27 in Unarmed Combat
    31 | D        | Reached XP level 21. HP: 224/224 MP: 17/44
    31 | D        | Reached ****** piety under Makhleb
    31 | D        | Reached skill level 27 in Invocations
    32 | D        | Reached skill level 27 in Stealth
    33 | D        | Noticed a destroyer
    33 | D        | Reached skill level 27 in Spellcasting
    33 | D        | Reached XP level 22. HP: 233/233 MP: 17/52
    33 | D        | Killed a destroyer
    33 | D        | Killed a destroyer
    35 | D        | Reached XP level 23. HP: 240/240 MP: 18/53
    36 | D        | Noticed a destroyer
    38 | D        | Noticed a large bag of meat
    38 | D        | Noticed a destroyer
    38 | D        | Noticed a large bag of meat
    38 | D        | Reached XP level 24. HP: 249/249 MP: 18/53
    40 | D        | Killed a destroyer
    42 | D        | Killed a destroyer
    42 | D        | Reached XP level 25. HP: 257/257 MP: 19/53
    45 | D        | Killed a destroyer
    46 | D        | Reached XP level 26. HP: 266/266 MP: 20/53
    46 | D        | Killed a large bag of meat
    47 | D        | Noticed a tyrant
    47 | D        | Killed a large bag of meat
    47 | D        | Noticed a destroyer
    48 | D        | Noticed a destroyer
    50 | D        | Noticed a destroyer
    51 | D        | Noticed a destroyer
    51 | D        | Killed a destroyer
    51 | D        | Reached XP level 27. HP: 273/273 MP: 22/53
    52 | D        | Demolished by a meat berserker

Skill      XL: |  1  2  3  4  5  6  7  8  9 10 11 12 13 14 15 16 17 18 19 20 21 |
---------------+----------------------------------------------------------------+-----
Fighting       | 13 16 20 26 27 | 27.0
Axes           | 23 27 | 27.0
Throwing       | 11 13 16 22 27 | 27.0
Dodging        | 21 24 27 | 27.0
Armour         | 16 22 26 27 | 27.0
Stealth        | 13 18 21 25 27 | 27.0
Unarmed Combat | 15 20 24 27 | 27.0
Spellcasting   | 10 14 17 20 27 | 27.0
Invocations    | 14 19 22 26 27 | 27.0

Action                   |  1- 3 |  4- 6 |  7- 9 | 10-12 | 13-15 | 16-18 | 19-21 | 22-24 | 25-27 || total
-------------------------+-------+-------+-------+-------+-------+-------+-------+-------+-------++-------
Melee: Executioner's axe |     1 |       |       |       |     4 |     6 |     6 |     9 |     7 ||    33
Armor: Leather armour    |       |       |       |       |       |       |       |       |     1 ||     1
Dodge: Dodged            |       |       |       |       |     1 |     1 |       |       |       ||     2
